AoeStats
← Javier2191

Hill Fort

506566039Analyzed
4v4 RM · 20d ago on Sep 14, 2026· 61m 19s· 8 players
Game mode
Random Map
Map size
Large (8 player)
Population
200
Speed
Normal
Resources
Standard
Victory
Conquest
Starting age
Dark Age
Ending age
Imperial Age
RankedLock teamsTeams togetherTeam positionsShared explorationLock speedFull tech treeHidden civsTurbo modeCheats
Victory
Defeat
🇨🇴 Wei · Colombia
980
+13
🇵🇪 Goths · Peru
928
+15
🇺🇸 Burmese · United States
899
+16
🇦🇷 Georgians · Argentina
860
+19
🇨🇱 Franks · Chile
929
-17
🇨🇱 Maya · Chile
927
-16
🇨🇱 Celts · Chile
916
-16
🇨🇱 Bulgarians · Chile
873
-14
b3rm3
6:59 Loom
9:48 Feudal Age
13:58 Loom
18:55 Castle Age
23:27 Double-Bit Axe
24:38 Scale Barding Armor
24:45 Forging
25:23 Bow Saw
25:45 Husbandry
27:19 Iron Casting
28:22 Masonry
33:03 Pikeman
33:57 Bloodlines
34:09 Chain Barding Armor
35:37 Fletching
37:18 Fortified Wall
37:04 Murder Holes
58:07 Imperial Age
55:52 Bodkin Arrow
56:26 Scale Mail Armor
59:07 Halberdier
59:47 Squires
TomatoBisque
5:17 Loom
12:07 Feudal Age
13:23 Wheelbarrow
17:02 Horse Collar
22:28 Castle Age
21:19 Padded Archer Armor
22:25 Gold Mining
22:59 Bloodlines
23:40 Hand Cart
23:34 Heavy Plow
23:43 Husbandry
24:00 Caravan
24:49 Gold Shaft Mining
26:02 Town Watch
26:49 Stone Mining
28:20 Fervor
29:23 Town Patrol
31:12 Manipur Cavalry
31:36 Scale Barding Armor
31:41 Forging
30:58 Light Cavalry
36:18 Imperial Age
36:27 Elite Arambai
37:10 Fletching
39:30 Conscription
39:12 Howdah
40:37 Crop Rotation
41:03 Ballistics
41:46 Chemistry
46:24 Treadmill Crane
46:40 Murder Holes
47:23 Bodkin Arrow
47:49 Chain Barding Armor
48:05 Iron Casting
50:11 Elite Battle Elephant
59:49 Blast Furnace
59:24 Plate Barding Armor
58:52 Bracer
61:10 Guilds
_Ermi_007
0:29 Loom
10:40 Feudal Age
16:55 Castle Age
15:18 Double-Bit Axe
15:53 Horse Collar
18:49 Bow Saw
20:40 Heavy Plow
22:43 Man-at-Arms
24:58 Town Watch
27:08 Pikeman
34:05 Imperial Age
32:49 Scale Mail Armor
33:01 Forging
33:31 Long Swordsman
34:13 Squires
34:22 Gold Mining
35:26 Wheelbarrow
35:17 Conscription
38:44 Stone Mining
38:31 Two-Handed Swordsman
39:23 Perfusion
39:34 Fletching
40:02 Chain Mail Armor
39:40 Champion
40:58 Iron Casting
46:34 Two-Man Saw
46:46 Stone Shaft Mining
46:45 Halberdier
48:54 Medium Warships
50:03 Chemistry
49:25 Hand Cart
49:36 Anarchy
51:38 Blast Furnace
57:08 Bodkin Arrow
57:20 Caravan
59:49 Padded Archer Armor
TrivJ
13:23 Feudal Age
17:43 Double-Bit Axe
20:41 Castle Age
18:26 Horse Collar
18:51 Gold Mining
25:31 Heavy Plow
25:48 Bow Saw
25:58 Forging
25:50 Scale Mail Armor
25:56 Scale Barding Armor
25:44 Fletching
26:49 Wheelbarrow
27:56 Iron Casting
28:06 Bloodlines
27:58 Husbandry
28:18 Loom
28:21 Town Watch
32:56 Chain Barding Armor
33:07 Hand Cart
34:46 Gold Shaft Mining
34:03 Stone Mining
35:41 Tuntian
39:48 Imperial Age
40:10 Heavy Hei Guang Cavalry
42:16 Ming Guang Armor
43:11 Blast Furnace
43:13 Conscription
42:44 Elite Tiger Cavalry
44:09 Ballistics
45:14 Bodkin Arrow
51:21 Chemistry
50:18 Murder Holes
51:41 Light Cavalry
56:03 Hussar
Benjamminnemmann
3:43 Loom
10:52 Feudal Age
11:55 Town Watch
12:01 Double-Bit Axe
19:54 Castle Age
17:59 Stone Mining
18:20 Gold Mining
20:28 Forging
20:23 Scale Barding Armor
21:14 Fletching
22:01 Light Cavalry
24:42 Husbandry
26:40 Wheelbarrow
27:07 Wheelbarrow
26:48 Pikeman
27:29 Squires
27:32 Scale Mail Armor
31:56 Imperial Age
30:27 Bodkin Arrow
32:06 Hand Cart
32:09 Bow Saw
32:35 Gold Shaft Mining
33:05 Conscription
34:21 Chain Mail Armor
36:15 Plate Mail Armor
37:45 Iron Casting
39:44 Cavalier
40:47 Caravan
42:24 Ballistics
42:10 Siege Engineers
42:17 Masonry
42:21 Elite Skirmisher
44:32 Chain Barding Armor
43:34 Paladin
46:38 #83
49:18 Halberdier
52:42 Blast Furnace
53:35 Plate Barding Armor
53:17 Padded Archer Armor
57:29 Chemistry
Felo
0:31 Loom
13:15 Feudal Age
14:33 Wheelbarrow
13:44 Town Watch
14:07 Arson
15:40 Stone Mining
18:10 Gold Mining
18:23 Scale Mail Armor
24:22 Castle Age
23:45 Forging
23:36 Padded Archer Armor
23:28 Fletching
23:44 Scale Barding Armor
23:38 Double-Bit Axe
26:32 Town Patrol
26:11 Pikeman
27:59 Gambesons
28:31 Chain Mail Armor
32:08 Hand Cart
34:37 Gold Shaft Mining
33:57 Stronghold
36:33 Caravan
39:40 Horse Collar
40:39 Stone Shaft Mining
46:11 Imperial Age
45:53 Iron Casting
45:34 Leather Archer Armor
45:16 Bodkin Arrow
46:26 Fervor
46:37 Sanctity
46:26 Halberdier
48:45 Fortified Wall
49:36 Chemistry
48:28 Heated Shot
49:20 Conscription
50:27 Bow Saw
51:33 Onager
56:27 Elite Skirmisher
59:03 Hoardings
60:08 Plate Mail Armor
60:13 Treadmill Crane
60:44 Masonry
ellukenguee
10:34 Loom
14:13 Feudal Age
20:59 Castle Age
19:50 Double-Bit Axe
19:51 Horse Collar
20:46 Gold Mining
20:56 Stone Mining
26:26 Ballistics
26:50 Pikeman
27:31 Squires
27:42 Fletching
27:52 Padded Archer Armor
28:13 Arson
30:42 Forging
30:32 Scale Mail Armor
31:49 Bow Saw
32:04 Heavy Plow
33:43 Iron Casting
33:08 Scale Mail Armor
33:42 Scale Mail Armor
33:44 Padded Archer Armor
38:50 Imperial Age
40:43 Wheelbarrow
41:55 Chemistry
41:35 Halberdier
43:47 Conscription
45:20 Blast Furnace
44:35 Chain Mail Armor
46:36 Elite Plumed Archer
49:34 Eagle Warrior
50:24 Elite Eagle Warrior
54:20 Holcans
58:27 Chain Mail Armor
Javier2191
4:35 Loom
11:58 Feudal Age
19:24 Castle Age
18:56 Double-Bit Axe
24:59 Gambesons
30:40 Squires
32:56 Forging
32:47 Scale Mail Armor
39:23 Imperial Age
36:47 Pikeman
38:58 Bow Saw
41:34 Halberdier
42:47 Chain Mail Armor
45:09 Plate Mail Armor
45:14 Iron Casting
49:09 Blast Furnace
51:58 Elite Skirmisher
53:23 Padded Archer Armor
53:14 Fletching
Connection lost

Rejoining the realm…

Still unreachable

The connection could not be restored.

Session expired

The server has moved on; the page needs a fresh start.